 Dungeon Crawl Stone Soup version 0.29-a0-40-g8eb35efe60 (webtiles) character file.

Game seed: 11131832354791114474

251 wilfster70 the Conjurer (level 6, -3/44 HPs)
             Began as a Gnoll Conjurer on Feb 1, 2022.
             Was an Initiate of Vehumet.
             Slain by an orc wizard (4 damage)
             ... on level 4 of the Dungeon.
             The game lasted 00:07:07 (3481 turns).

wilfster70 the Conjurer (Gnoll Conjurer)            Turns: 3481, Time: 00:07:08

Health: -3/44      AC:  4    Str:  6    XL:     6   Next: 13%
Magic:  0/13       EV: 13    Int: 20    God:    Vehumet [......]
Gold:   175        SH:  0    Dex: 10    Spells: 4/15 levels left

rFire   . . .      SeeInvis .   a - +0 dagger
rCold   . . .      Faith    .   (no shield)
rNeg    . . .      Spirit   .   c - +0 robe
rPois   +          Reflect  .   (no helmet)
rElec   .          Harm     .   h - +0 cloak {Will+}
rCorr   .          Rampage  .   (no gloves)
Will    +....                   j - +0 pair of boots
Stlth   ++........              (no amulet)
HPRegen 0.14/turn               e - ring of poison resistance
MPRegen 0.13/turn               (no ring)

@: attractive
A: fangs 1, strong nose, distributed training
a: Renounce Religion


You were on level 4 of the Dungeon.
You worshipped Vehumet.
Vehumet was noncommittal.
You visited 2 branches of the dungeon, and saw 5 of its levels.

You collected 175 gold pieces.

Inventory:

Hand Weapons
 a - a +0 dagger (weapon)
Armour
 c - a +0 robe (worn)
 h - a +0 cloak of willpower (worn)
 j - a +0 pair of boots (worn)
Jewellery
 e - a ring of poison resistance (left hand)
Scrolls
 k - a scroll of teleportation
 m - a scroll of fog {unknown}
Potions
 d - a potion of curing {unknown}
 f - a potion of degeneration {unknown}
 g - a potion of cancellation
 i - a potion of brilliance
 l - a potion of might


   Skills:
 + Level 1.8 Fighting
 + Level 1.8 Short Blades
 + Level 1.8 Long Blades
 + Level 1.8 Axes
 + Level 1.8 Maces & Flails
 + Level 1.8 Polearms
 + Level 1.8 Staves
 + Level 1.8 Slings
 + Level 1.8 Bows
 + Level 1.8 Crossbows
 + Level 1.8 Throwing
 + Level 1.8 Armour
 + Level 4.9 Dodging
 + Level 4.5 Stealth
 + Level 1.8 Shields
 + Level 1.8 Unarmed Combat
 + Level 5.3 Spellcasting
 + Level 7.2 Conjurations
 + Level 1.4 Hexes
 + Level 1.4 Summonings
 + Level 1.4 Necromancy
 + Level 1.4 Translocations
 + Level 1.4 Transmutations
 + Level 1.4 Fire Magic
 + Level 1.4 Ice Magic
 + Level 1.4 Air Magic
 + Level 1.4 Earth Magic
 + Level 1.4 Poison Magic
 + Level 2.0 Invocations
 + Level 1.8 Evocations


You had 4 spell levels left.
You knew the following spells:

 Your Spells              Type           Power      Damage    Failure   Level
a - Magic Dart            Conj           100%       1d8       1%          1
b - Searing Ray           Conj           68%        2d6       1%          2
c - Fulminant Prism       Conj/Hex       11%        3d9       19%         4
d - Iskenderun's Mystic   Conj/Tloc      22%        2d6       19%         4

Your spell library contained the following spells:

 Spells                   Type           Power      Damage    Failure   Level
 Dazzling Flash           Conj/Hex       44%        N/A       5%          3
 Corpse Rot               Necr/Air       22%        N/A       10%         2
 Portal Projectile        Hex/Tloc       22%        N/A       19%         3
 Dispel Undead            Necr           11%        3d9       52%         4
 Blade Hands              Tmut           5%         N/A       86%         5
 Excruciating Wounds      Necr           5%         N/A       86%         5
 Death Channel            Necr           5%         N/A       100%        6


Dungeon Overview and Level Annotations

Branches:
Dungeon (4/15)             Temple (1/1) D:4

Altars:
Ashenzari
Cheibriados
Elyvilon
Fedhas
Gozag
Hepliaklqana
Kikubaaqudgha
Makhleb
Nemelex Xobeh
Qazlal
Ru
Sif Muna
Trog
Uskayaw
Vehumet
Wu Jian
Xom
Yredelemnul
Zin
The Shining One


Innate Abilities, Weirdness & Mutations

You have very sharp teeth.
Your uncanny sense of smell can sniff out nearby items.
Your experience applies equally to all skills.


Message History

The orc priest is almost dead. (Press . to maintain the ray.)
The orc wizard casts a spell.
The orc wizard flickers and vanishes!
The orc priest invokes the aid of Beogh against you.
Beogh smites you! Something hits you.
Hit: a) +0 dagger
Press: ? - help, Dir - move target, f/p - orc priest
Aim: an orc priest, wielding a +0 dagger (almost dead, about 40% to evade your +0 dagger)
You closely miss the orc priest.
The orc priest is almost dead.
Something hits you.
The orc priest invokes the aid of Beogh against you.
You resist with some effort. Something hits you but does no damage.
Hit: a) +0 dagger
Press: ? - help, Dir - move target, f/p - orc priest
Aim: an orc priest, wielding a +0 dagger (almost dead, about 40% to evade your +0 dagger)
You hit the orc priest.
You kill the orc priest!
Vehumet accepts your kill. Something hits you. x2
* * * LOW HITPOINT WARNING * * *
Your Invocations skill increases to level 2!
You have reached level 6!
You hit something but do no damage. Something hits you but does no damage.
Something hits you.
* * * LOW HITPOINT WARNING * * *
You hit something but do no damage.
You hear some strange, mumbled words.
A puff of flame appears from out of thin air!
The puff of flame hits you.
* * * LOW HITPOINT WARNING * * *
Something hits you.
* * * LOW HITPOINT WARNING * * *
It was a potion of attraction.
You feel attractive to monsters. Something hits you.
* * * LOW HITPOINT WARNING * * *
Something hits you.
You die...

..##...##.###
..........# .###..#####
########. ####.###
#........ .......#
#........ .......#
#........ .......#
#........ .....(.#
#........ .......#
#@....... .......#
#.{...... .....o.#
#.)......
......)#########......(.
...............).†......
..............o.........
######...........#######
#...........#
#...........#


There were no monsters in sight!

Vanquished Creatures
  An ogre (D:3)
  An orc priest (D:4)
  3 adders
  5 worms
  4 dart slugs
  7 orcs
  6 bats
  5 endoplasms
  A giant cockroach (D:2)
  7 goblins
  7 hobgoblins
  8 jackals
  2 quokkas
  6 ball pythons
  4 frilled lizards
  2 kobolds
  6 rats
75 creatures vanquished.

Notes
Turn   | Place    | Note
-------+----------+-------------------------------------------
     0 | D:1      | wilfster70 the Gnoll Conjurer began the quest for the Orb.
     0 | D:1      | Reached XP level 1. HP: 13/13 MP: 6/6
   266 | D:1      | Found a faded altar of an unknown god.
   292 | D:1      | Reached XP level 2. HP: 19/19 MP: 4/7
   531 | D:1      | Learned a level 2 spell: Searing Ray
   923 | D:1      | Reached XP level 3. HP: 22/25 MP: 6/9
  1212 | D:2      | Reached skill level 5 in Spellcasting
  1230 | D:1      | Reached skill level 1 in Invocations
  1597 | D:2      | Reached skill level 1 in Fighting
  1597 | D:2      | Reached skill level 1 in Short Blades
  1597 | D:2      | Reached skill level 1 in Long Blades
  1597 | D:2      | Reached skill level 1 in Axes
  1597 | D:2      | Reached skill level 1 in Maces & Flails
  1597 | D:2      | Reached skill level 1 in Polearms
  1597 | D:2      | Reached skill level 1 in Staves
  1597 | D:2      | Reached skill level 1 in Slings
  1597 | D:2      | Reached skill level 1 in Bows
  1597 | D:2      | Reached skill level 1 in Crossbows
  1597 | D:2      | Reached skill level 1 in Throwing
  1597 | D:2      | Reached skill level 1 in Armour
  1597 | D:2      | Reached skill level 1 in Shields
  1597 | D:2      | Reached skill level 1 in Unarmed Combat
  1597 | D:2      | Reached skill level 1 in Evocations
  1601 | D:2      | Reached XP level 4. HP: 22/32 MP: 2/11
  1703 | D:2      | Learned a level 4 spell: Fulminant Prism
  1708 | D:2      | Learned a level 4 spell: Iskenderun's Mystic Blast
  2097 | D:3      | Noticed an ogre
  2104 | D:3      | Killed an ogre
  2105 | D:3      | Reached skill level 1 in Hexes
  2105 | D:3      | Reached skill level 1 in Summonings
  2105 | D:3      | Reached skill level 1 in Necromancy
  2105 | D:3      | Reached skill level 1 in Translocations
  2105 | D:3      | Reached skill level 1 in Transmutations
  2105 | D:3      | Reached skill level 1 in Fire Magic
  2105 | D:3      | Reached skill level 1 in Ice Magic
  2105 | D:3      | Reached skill level 1 in Air Magic
  2105 | D:3      | Reached skill level 1 in Earth Magic
  2105 | D:3      | Reached skill level 1 in Poison Magic
  2105 | D:3      | Reached XP level 5. HP: 37/37 MP: 3/12
  3275 | D:4      | Found a staircase to the Ecumenical Temple.
  3293 | Temple   | Entered the Ecumenical Temple
  3358 | Temple   | Became a worshipper of Vehumet
  3478 | D:4      | Reached XP level 6. HP: 12/44 MP: 0/13
  3480 | D:4      | HP: 2/44 [something (3)]
  3481 | D:4      | Slain by an orc wizard

Illustrated notes

Levels and vault maps discovered:
D:1:      dpeg_arrival_circle_labyrinth_b, layout_basic,
          ebering_ecumenical_altar_rust, minmay_misc_feat_tiny,
          minmay_stone_trees_large, ebering_dispersal_statue_hall
D:2:      layout_rooms
D:3:      layout_basic, minmay_misc_feat_secret_circle, serial_park_tiny_2
D:4:      layout_basic, minmay_temple_entry_stoned_glass, uniq_blork_the_orc
Temple:   compressed_dpeg_triangle_lava_temple

Skill      XL: |  1  2  3  4  5 |
---------------+----------------+-----
Spellcasting   | 5 |  5.3
Invocations    | 1 2 |  2.0
Fighting       | 1 |  1.8
Short Blades   | 1 |  1.8
Long Blades    | 1 |  1.8
Axes           | 1 |  1.8
Maces & Flails | 1 |  1.8
Polearms       | 1 |  1.8
Staves         | 1 |  1.8
Slings         | 1 |  1.8
Bows           | 1 |  1.8
Crossbows      | 1 |  1.8
Throwing       | 1 |  1.8
Armour         | 1 |  1.8
Shields        | 1 |  1.8
Unarmed Combat | 1 |  1.8
Evocations     | 1 |  1.8
Hexes          | 1 |  1.4
Summonings     | 1 |  1.4
Necromancy     | 1 |  1.4
Translocations | 1 |  1.4
Transmutations | 1 |  1.4
Fire Magic     | 1 |  1.4
Ice Magic      | 1 |  1.4
Air Magic      | 1 |  1.4
Earth Magic    | 1 |  1.4
Poison Magic   | 1 |  1.4
Dodging        | |  4.9
Stealth        | |  4.5
Conjurations   | |  7.2

Action                   |  1- 3 |  4- 6 || total
-------------------------+-------+-------++-------
Melee: Dagger            |    19 |    21 ||    40
       Bite              |     3 |       ||     3
       Unarmed           |     1 |       ||     1
 Cast: Magic Dart        |    15 |    10 ||    25
       Searing Ray       |    14 |    30 ||    44
  Use: Scroll            |     3 |     3 ||     6
       Potion            |       |     1 ||     1
 Stab: Sleeping          |     5 |     1 ||     6
Armor: Robe              |     4 |     6 ||    10
Dodge: Dodged            |    29 |    11 ||    40

Table legend: (Time is in decaauts)
 A = Elapsed time spent in this place.
 B = Non-inter-level travel time spent in this place.
 C = Inter-level travel time spent in this place.
 D = Time resting spent in this place.
 E = Time spent auto-exploring this place.
 F = Levels seen in this place.
 G = Mean time per level.
                   A        B        C        D        E       F      G
               +--------+--------+--------+--------+--------+-----+--------+
         Total |   3477 |   3343 |    134 |    389 |   1964 |   5 |  695.4 |
       Dungeon |   3393 |   3278 |    115 |    389 |   1964 |   4 |  848.2 |
        Temple |     84 |     65 |     19 |      0 |      0 |   1 |   84.0 |
               +--------+--------+--------+--------+--------+-----+--------+

Top non-repeatable levels by time:
     D:1: 1372 daAuts
     D:3: 996 daAuts
     D:2: 688 daAuts
     D:4: 336 daAuts
  Temple: 84 daAuts
